 Dungeon Crawl Stone Soup version 0.27-a0-412-g8dd771eca2 (webtiles) character file.

Game seed: 8811291826244841161

3204 SkeletonJelly the Covert (level 10, -1/74 HPs)
             Began as a Human Brigand on Feb 23, 2021.
             Was a Follower of Dithmenos.
             Slain by a frost giant
             ... wielding a +1 battleaxe of freezing
              (5 damage)
             ... on level 8 of the Dungeon.
             The game lasted 00:15:45 (8873 turns).

SkeletonJelly the Covert (Human Brigand)            Turns: 8873, Time: 00:15:46

Health: -1/74      AC: 13    Str: 13    XL:     10   Next: 17%
Magic:  12/12      EV: 19    Int: 11    God:    Dithmenos [*.....]
Gold:   449        SH:  0    Dex: 17    Spells: 9/9 levels left

rFire    . . .     SeeInvis .   m - +2 dagger (venom)
rCold    . . .     Faith    .   (no shield)
rNeg     . . .     Spirit   .   b - +0 robe
rPois    .         Reflect  .   j - +2 hat
rElec    .         Harm     .   c - +0 cloak
rCorr    .         Rampage  .   G - +0 pair of gloves
Will     .....                  K - +2 pair of boots
Stlth    +++++.....             (no amulet)
HPRegen  0.22/turn              o - +4 ring of evasion
MPRegen  0.13/turn              v - +4 ring of protection

@: wreathed by umbra
A: no striking features
a: Renounce Religion


You were on level 8 of the Dungeon.
You worshipped Dithmenos.
Dithmenos was aware of your devotion.
You visited 2 branches of the dungeon, and saw 9 of its levels.

You collected 449 gold pieces.

Inventory:

Hand Weapons
 e - a +2 dagger of speed
 m - a +2 dagger of venom (weapon)
 s - a +2 dagger of protection
 D - a +0 vorpal long sword
 H - the +7 spear of Nabreg Mibo {vamp, *Rage Dex+5, unknown}
   (You found it on level 5 of the Dungeon)

   It inflicts no extra harm, but heals its wielder when it wounds a living foe.
   It affects your dexterity (+5).
   It may make you go berserk in combat.
Missiles
 d - 22 poisoned darts (quivered)
 r - a curare-tipped dart
Armour
 b - a +0 robe (worn)
 c - a +0 cloak (worn)
 j - a +2 hat (worn)
 G - a +0 pair of gloves (worn)
 K - a +2 pair of boots (worn)
Jewellery
 o - a +4 ring of evasion (left hand)
 v - a +4 ring of protection (right hand)
Wands
 l - a wand of flame (53)
 w - a wand of paralysis (4)
 F - a wand of mindburst (11)
Scrolls
 a - a scroll of enchant armour {unknown}
 f - 7 scrolls of teleportation {unknown}
 g - a scroll of enchant weapon {unknown}
 i - 8 scrolls of identify {unknown}
 q - 3 scrolls of amnesia {unknown}
 u - a scroll of blinking {unknown}
 y - 2 scrolls of fog {unknown}
 z - a scroll of fear {unknown}
 B - 2 scrolls of noise {unknown}
 I - a scroll of torment {unknown}
 J - a scroll of magic mapping {unknown}
 L - a scroll of vulnerability {unknown}
Potions
 h - a potion of might {unknown}
 k - 5 potions of curing
 n - 2 potions of lignification {unknown}
 p - 2 potions of brilliance {unknown}
 t - a potion of heal wounds {unknown}
 x - 2 potions of haste {unknown}
 A - a potion of invisibility {unknown}
 C - a potion of ambrosia {unknown}
 E - 2 potions of attraction {unknown}


   Skills:
 + Level 5.3 Fighting
 * Level 7.5 Short Blades
 + Level 5.3 Throwing
 + Level 5.0 Dodging
 * Level 8.4 Stealth
 + Level 3.4 Invocations


You had 9 spell levels left.
You didn't know any spells.
Your spell library contained the following spells:

 Spells                   Type           Power        Failure   Level
 Foxfire                  Conj/Fire      0%           34%         1
 Conjure Flame            Conj/Fire      0%           71%         3
 Inner Flame              Hex/Fire       0%           71%         3
 Sticky Flame             Conj/Fire      0%           98%         4
 Fireball                 Conj/Fire      0%           100%        5


Dungeon Overview and Level Annotations

Branches:
Dungeon (8/15)             Temple (1/1) D:6
   Lair: D:8-11

Altars:
Ashenzari
Cheibriados
Dithmenos
Elyvilon
Fedhas
Gozag
Hepliaklqana
Kikubaaqudgha
Makhleb
Nemelex Xobeh
Okawaru
Qazlal
Ru
Sif Muna
Trog
Uskayaw
Vehumet
Wu Jian
Xom
Yredelemnul
Zin
The Shining One


Message History

The ufetubus completely misses you.
The ufetubus hits you but does no damage.
You hit the ufetubus.
The ufetubus is heavily wounded.
The ufetubus closely misses you. The ufetubus completely misses you.
You hit the ufetubus.
You kill the ufetubus!
Dithmenos accepts your kill. The centaur zombie closely misses you.
You hit the centaur zombie.
The centaur zombie is lightly damaged.
The centaur zombie hits you but does no damage.
You hit the centaur zombie but do no damage.
The centaur zombie is lightly damaged.
You hit the centaur zombie.
The centaur zombie is lightly damaged.
The centaur zombie completely misses you.
You hit the centaur zombie.
The centaur zombie is moderately damaged.
The centaur zombie closely misses you.
You hit the centaur zombie.
The centaur zombie is moderately damaged.
The centaur zombie completely misses you.
Health restored: 74 You barely miss the centaur zombie.
The centaur zombie is moderately damaged.
The centaur zombie misses you.
You hit the centaur zombie.
The centaur zombie is heavily damaged.
You hit the centaur zombie.
The centaur zombie is severely damaged.
The centaur zombie closely misses you.
You hit the centaur zombie.
The centaur zombie is severely damaged.
The centaur zombie misses you.
You hit the centaur zombie.
The centaur zombie is severely damaged.
The centaur zombie hits you but does no damage.
A frost giant comes into view.
It is wielding a +1 battleaxe of freezing.
The frost giant shouts!
You hit the centaur zombie.
The centaur zombie is almost destroyed.
You hear a roar!
You hear a shout!
You hear a bark!
You hear a shout! x2
The centaur zombie completely misses you.
Something shouts, "Escape, thou baffled flap-mouthed clotpole!"
You hit the centaur zombie.
You destroy the centaur zombie!
Dithmenos accepts your kill.
The frost giant gestures at you while chanting.
The bolt of cold hits you!!
You hear a bark!
You hit the frost giant.
The frost giant is poisoned.
The frost giant is lightly wounded.
The frost giant casts a spell at you. The bolt of cold hits you!!
* * * LOW HITPOINT WARNING * * *
You hear a shout!
You hear a bark!
You are too injured to fight recklessly!
You are too injured to fight recklessly!
You are too injured to fight recklessly!
You are too injured to fight recklessly!
You take 56 damage, and have 18/74 hp.
MASSIVE DAMAGE!!
You are too injured to fight recklessly!
You are too injured to fight recklessly!
You are too injured to fight recklessly!
You are too injured to fight recklessly!
You are too injured to fight recklessly!
You are too injured to fight recklessly!
You are too injured to fight recklessly!
You are too injured to fight recklessly!
You are too injured to fight recklessly!
You are too injured to fight recklessly!
You are too injured to fight recklessly!
You are too injured to fight recklessly!
You are too injured to fight recklessly!
You are too injured to fight recklessly!
You are too injured to fight recklessly!
You are too injured to fight recklessly!
You are too injured to fight recklessly!
You are too injured to fight recklessly!
You are too injured to fight recklessly!
You are too injured to fight recklessly!
You are too injured to fight recklessly!
You are too injured to fight recklessly!
You are too injured to fight recklessly!
You are too injured to fight recklessly!
You are too injured to fight recklessly!
Aiming: Paralyse
Press: ? - help, Shift-Dir - straight line, f - frost giant
Aim: a frost giant, wielding a +1 battleaxe of freezing (lightly wounded, poisoned, umbra, chance to affect: 6%)
Okay, then.
There is an open door here.
Aiming: Mindburst
Press: ? - help, Shift-Dir - straight line, f - frost giant
Aim: a frost giant, wielding a +1 battleaxe of freezing (lightly wounded, poisoned, umbra, chance to affect: 16%)
The frost giant resists with almost no effort.
The frost giant hits you with a +1 battleaxe of freezing!
* * * LOW HITPOINT WARNING * * *
The frost giant freezes you.
You die... ##+## #...# ♣...♣ +>8<+

♣...♣ #...#
######@######
♣...♣.C.♣...♣
♣(..#...♣
♣♣♣#.#♣♣♣
♣.$.#...♣
♣...♣. .♣...♣
### ## ## ###


You could see a frost giant (poisoned).

Vanquished Creatures
  A hornet (D:6)
  Eustachio (D:5)
  3 sky beasts
  4 ice beasts
  3 ogres
  2 centaurs (D:7)
  A necrophage (D:6)
  2 phantoms (D:7)
  A kobold brigand (D:8)
  4 bullfrogs
  A wyvern skeleton (D:7)
  A scorpion (D:7)
  5 howler monkeys (D:7)
  2 bullfrog zombies (D:7)
  A centaur zombie (D:8)
  2 hounds
  2 orc priests (D:3)
  A jelly (D:6)
  A centaur skeleton (D:4)
  Jessica (D:2)
  A bullfrog skeleton (D:6)
  4 orc wizards
  4 worker ants
  A hound skeleton (D:7)
  Robin (D:2)
  A howler monkey skeleton (D:5)
  11 gnolls
  8 adders
  A river rat (D:3)
  2 shadow imps (D:7)
  3 ufetubi
  An ooze (D:4)
  3 adder zombies
  An adder skeleton (D:4)
  2 worms (D:4)
  4 dart slugs
  9 leopard geckos
  21 orcs
  8 bats
  6 giant cockroaches
  16 goblins
  10 hobgoblins
  7 jackals
  4 quokkas
  5 ball pythons
  6 frilled lizards
  2 jackal skeletons
  7 kobolds
  12 rats
200 creatures vanquished.

Notes
Turn   | Place    | Note
-------+----------+-------------------------------------------
     0 | D:1      | SkeletonJelly the Human Brigand began the quest for the
                  | Orb.
     0 | D:1      | Reached XP level 1. HP: 16/16 MP: 1/1
     2 | D:1      | Noticed a vampire
     4 | D:1      | Noticed a vine stalker
     6 | D:1      | Noticed a tengu
     6 | D:1      | Noticed a merfolk
     8 | D:1      | Noticed a demigod
     8 | D:1      | Noticed a formicid
    10 | D:1      | Noticed a troll
    10 | D:1      | Noticed a minotaur
    12 | D:1      | Noticed a human
    14 | D:1      | Noticed an elf
    16 | D:1      | Noticed a dwarf
    16 | D:1      | Noticed a gargoyle
    18 | D:1      | Noticed a felid
    18 | D:1      | Noticed a halfling
    20 | D:1      | Noticed a naga
    20 | D:1      | Noticed a ghoul
    22 | D:1      | Noticed a demonspawn
    22 | D:1      | Noticed a draconian
    24 | D:1      | Noticed an ogre
    24 | D:1      | Noticed a centaur
    26 | D:1      | Noticed an octopode
    26 | D:1      | Noticed a spriggan
   170 | D:1      | Reached XP level 2. HP: 21/22 MP: 2/2
   676 | D:1      | Reached XP level 3. HP: 12/27 MP: 3/3
  1498 | D:2      | Noticed Robin
  1707 | D:2      | Killed Robin
  1708 | D:2      | Reached XP level 4. HP: 15/34 MP: 4/4
  2518 | D:2      | Noticed Jessica
  2533 | D:2      | Killed Jessica
  2534 | D:2      | Reached XP level 5. HP: 17/39 MP: 5/5
  2729 | D:2      | Found a radiant altar of Vehumet.
  3316 | D:3      | Reached XP level 6. HP: 46/46 MP: 6/6
  3523 | D:3      | Found a glowing drain.
  4748 | D:4      | Reached skill level 5 in Stealth
  4752 | D:4      | Reached XP level 7. HP: 52/52 MP: 7/7
  5143 | D:5      | Entered Level 5 of the Dungeon
  5405 | D:5      | Found a basalt altar of Yredelemnul.
  5405 | D:5      | Noticed Eustachio
  5439 | D:5      | Killed Eustachio
  5440 | D:5      | Reached skill level 5 in Short Blades
  5440 | D:5      | Reached XP level 8. HP: 58/60 MP: 8/8
  5498 | D:5      | Found an ancient bone altar of Kikubaaqudgha.
  5499 | D:5      | Found a glowing silver altar of Zin.
  5500 | D:5      | Found a shimmering blue altar of Sif Muna.
  5502 | D:5      | Found an ornate altar of the Wu Jian Council.
  5748 | D:5      | Reached skill level 6 in Stealth
  5941 | D:5      | Got a slimy spear
  5953 | D:6      | Found a staircase to the Ecumenical Temple.
  5953 | D:6      | Noticed a hornet
  5959 | D:6      | Killed a hornet
  6204 | Temple   | Entered the Ecumenical Temple
  6357 | Temple   | Became a worshipper of Dithmenos the Shadowed
  6451 | D:6      | Reached skill level 1 in Invocations
  6800 | D:6      | Reached XP level 9. HP: 60/65 MP: 9/9
  7040 | D:6      | Reached skill level 7 in Stealth
  7902 | D:7      | Reached * piety under Dithmenos
  8008 | D:7      | Found a shadowy altar of Dithmenos.
  8103 | D:7      | Reached skill level 5 in Throwing
  8128 | D:7      | Reached skill level 5 in Fighting
  8140 | D:7      | Reached skill level 8 in Stealth
  8320 | D:7      | Reached XP level 10. HP: 60/74 MP: 12/12
  8828 | D:8      | Reached skill level 5 in Dodging
  8865 | D:8      | Noticed a frost giant
  8873 | D:8      | Slain by a frost giant

Illustrated notes

Levels and vault maps discovered:
D:1:      kb_arrival_jail, layout_basic
D:2:      layout_basic, vehumet_crystals, chequers_serial_rivers_micro_a,
          uniq_robin, uniq_jessica
D:3:      layout_basic, portal_sewer_entry_c
D:4:      minmay_bubble_buster, layout_cave_pools
D:5:      layout_gridville, minitemple, uniq_eustachio
D:6:      layout_basic, minmay_temple_entry_large_hall
D:7:      layout_gridville, grunt_dithmenos_shadows
D:8:      nzn_winding_woodlands_stair_cross [nzn_winding_woodlands_5x15_pool,
          nzn_winding_woodlands_center_pierced_h,
          nzn_winding_woodlands_5x15_twine, nzn_winding_woodlands_5x5_default,
          nzn_winding_woodlands_5x5_cross, nzn_winding_woodlands_5x15_garden,
          nzn_winding_woodlands_center_garden,
          nzn_winding_woodlands_5x15_pathside_ponds], layout_basic
Temple:   nicolae_temple_elliptical

Skill      XL: |  1  2  3  4  5  6  7  8  9 10 |
---------------+-------------------------------+-----
Short Blades   | 3 4 5 6 7 |  7.5
Dodging        | 2 3 4 5 |  5.0
Fighting       | 3 4 5 |  5.3
Throwing       | 3 4 5 |  5.3
Stealth        | 5 6 8 |  8.4
Invocations    | 1 3 |  3.4

Action                   |  1- 3 |  4- 6 |  7- 9 | 10-12 || total
-------------------------+-------+-------+-------+-------++-------
Melee: Dagger            |    87 |   223 |   498 |    36 ||   844
Throw: Dart              |     8 |     9 |     7 |       ||    24
Evoke: Wand              |       |       |     1 |     1 ||     2
 Stab: Sleeping          |     7 |     9 |    14 |    12 ||    42
       Distracted        |       |       |     1 |       ||     1
Armor: Robe              |     9 |    27 |   106 |     5 ||   147
Dodge: Dodged            |    43 |   146 |   320 |    20 ||   529

Table legend: (Time is in decaauts)
 A = Elapsed time spent in this place.
 B = Non-inter-level travel time spent in this place.
 C = Inter-level travel time spent in this place.
 D = Time resting spent in this place.
 E = Time spent auto-exploring this place.
 F = Levels seen in this place.
 G = Mean time per level.
                   A        B        C        D        E       F      G
               +--------+--------+--------+--------+--------+-----+--------+
         Total |   8661 |   8313 |    348 |      4 |   6835 |   9 |  962.3 |
       Dungeon |   8473 |   8158 |    315 |      4 |   6697 |   8 | 1059.1 |
        Temple |    187 |    154 |     33 |      0 |    138 |   1 |  187.0 |
               +--------+--------+--------+--------+--------+-----+--------+

Top non-repeatable levels by time:
     D:1: 1747 daAuts
     D:6: 1481 daAuts
     D:2: 1457 daAuts
     D:3: 1234 daAuts
     D:7: 1095 daAuts
     D:5: 777 daAuts
     D:4: 643 daAuts
  Temple: 187 daAuts
     D:8: 36 daAuts
